 Dungeon Crawl Stone Soup version 0.29-a0-111-gbaf749a769 (webtiles) character file.

Game seed: 6093864482590243804

285 cyrus the Cudgeller (level 6, -1/61 HPs)
             Began as a Troll Fighter on Feb 17, 2022.
             Was a Follower of Uskayaw.
             Slain by Grinder (9 damage)
             ... on level 5 of the Dungeon.
             The game lasted 00:12:56 (3333 turns).

cyrus the Cudgeller (Troll Fighter)                 Turns: 3333, Time: 00:12:56

Health: -1/61      AC:  4    Str: 25    XL:     6   Next: 7%
Magic:  5/5        EV:  9    Int:  6    God:    Uskayaw [*.....]
Gold:   151        SH:  7    Dex:  9    Spells: 5/5 levels left

rFire   . . .      SeeInvis .   a - +0 flail
rCold   . . .      Faith    .   c - +0 kite shield
rNeg    . . .      Spirit   .   b - +0 robe
rPois   .          Reflect  .   (helmet restricted)
rElec   .          Harm     .   (no cloak)
rCorr   .          Rampage  .   (gloves unavailable)
Will    .....                   (boots unavailable)
Stlth   +.........              (no amulet)
HPRegen 1.00/turn               (no ring)
MPRegen 0.09/turn               (no ring)

@: no status effects
A: large, unfitting armour, claws 3, regeneration 1, shaggy fur 1, tough skin 1
a: Renounce Religion, Stomp


You were on level 5 of the Dungeon.
You worshipped Uskayaw.
Uskayaw was noncommittal.
You visited 1 branch of the dungeon, and saw 5 of its levels.

You collected 151 gold pieces.

Inventory:

Hand Weapons
 a - a +0 flail (weapon)
Armour
 b - a +0 robe (worn)
 c - a +0 kite shield (worn)
 n - a +0 pair of gloves
Wands
 l - a wand of flame (22)
Scrolls
 d - a scroll of enchant armour {unknown}
 f - a scroll of noise {unknown}
 g - 7 scrolls of identify {unknown}
 h - a scroll of enchant weapon {unknown}
 i - 4 scrolls of teleportation {unknown}
 j - a scroll of fear {unknown}
 k - a scroll of magic mapping {unknown}
 m - a scroll of blinking {unknown}
 o - a scroll of holy word {unknown}
Potions
 e - a potion of mutation {unknown}
 p - a potion of haste {unknown}
 q - a potion of curing {unknown}
 r - a potion of lignification {unknown}


   Skills:
 + Level 3.0 Fighting
 + Level 4.0 Maces & Flails
 + Level 3.3 Dodging
 + Level 3.4 Shields


You had 5 spell levels left.
You didn't know any spells.
Your spell library contained the following spells:

 Spells                   Type           Power      Damage    Failure   Level
 Conjure Flame            Conj/Fire      0%         6-21      98%         3
 Ignite Poison            Fire/Tmut/Pois 0%         N/A       98%         3
 Sticky Flame             Conj/Fire      0%         2d3       100%        4


Dungeon Overview and Level Annotations

Branches:
Dungeon (5/15)             Temple (0/1) D:5

Altars:
Dithmenos
Kikubaaqudgha
Uskayaw
Beogh

Shops:
D:1 ?

Annotations:
D:4 3 runed translucent doors, siradein's ghost, amateur NaTm
D:5 2 runed translucent doors, Grinder


Innate Abilities, Weirdness & Mutations

You are too large for most types of armour.
You have claws for hands.
Your natural rate of healing is unusually fast.
You are covered in fur. (AC +1)
You have tough skin. (AC +1)


Message History

Aim: Grinder (severely wounded, 64% to hit)
The puff of flame misses Grinder.
Grinder gestures at you.
You suddenly lose the ability to move!
Grinder gestures at you. Pain shoots through your body!
* * * LOW HITPOINT WARNING * * *
Grinder hits you.
* * * LOW HITPOINT WARNING * * *
You writhe in agony.
* * * LOW HITPOINT WARNING * * *
Grinder blinks!
You can move again.
Grinder blinks!
Grinder blinks!
Aiming: Throw Flame
Press: ? - help, Q - select action, (/) - cycle Shift-Dir - straight line, f/p - Grinder
Aim: Grinder (severely wounded, 64% to hit)
The puff of flame hits Grinder.
Grinder is almost dead.
Found a staircase to the Ecumenical Temple.
A hound comes into view.
The hound barks!
You block Grinder's attack.
Found a robe.
Grinder hits you!
* * * LOW HITPOINT WARNING * * *
You writhe in agony.
* * * LOW HITPOINT WARNING * * *
Grinder blinks!
You block the hound's attack. Grinder gestures at you.
Pain shoots through your body!
* * * LOW HITPOINT WARNING * * *
The hound barely misses you. The hound bites you but does no damage.
Grinder says, "Don't move a muscle."
You block Grinder's attack. Grinder hits you!
You die...

#.......#..#....+
#.......#..#....#
####.......##.#..(.##
............#.##....#
.........>..#..#....#
............#..#....#
............####....#
##########...)......#
#.....h@...#
#.....5....#
#..........#
#..........#
#..........###
+.............
#......##+#....
..........# .....
[..##...#..# .....


You could see Grinder and a hound.

Vanquished Creatures
  A phantom (D:4)
  A howler monkey (D:4)
  An orc priest (D:4)
  An iguana (D:4)
  4 adders
  2 adder skeletons (D:4)
  2 worms (D:3)
  2 dart slugs (D:2)
  6 orcs
  4 bats
  4 endoplasms
  7 hobgoblins
  11 jackals
  2 quokkas
  5 ball pythons
  2 frilled lizards
  6 kobolds
  A quokka skeleton (D:4)
  4 rats (D:3)
66 creatures vanquished.

Notes
Turn   | Place    | Note
-------+----------+-------------------------------------------
     0 | D:1      | cyrus the Troll Fighter began the quest for the Orb.
     0 | D:1      | Reached XP level 1. HP: 22/22 MP: 0/0
    69 | D:1      | Reached XP level 2. HP: 29/29 MP: 1/1
   140 | D:1      | Reached skill level 2 in Maces & Flails
   203 | D:1      | Found Siuwn's Magic Scroll Shoppe.
   679 | D:2      | Reached XP level 3. HP: 36/36 MP: 2/2
  1000 | D:2      | Found a faded altar of an unknown god.
  1353 | D:3      | Found an ancient bone altar of Kikubaaqudgha.
  1453 | D:3      | Reached XP level 4. HP: 37/44 MP: 3/3
  1509 | D:3      | Found a shadowy altar of Dithmenos.
  1768 | D:4      | Noticed a phantom
  1791 | D:4      | Killed a phantom
  1792 | D:4      | Reached skill level 3 in Maces & Flails
  1792 | D:4      | Reached XP level 5. HP: 28/52 MP: 4/4
  2330 | D:4      | Found a runed translucent gate.
  2336 | D:4      | Noticed siradein's ghost (amateur NaTm)
  2370 | D:4      | Found a runed translucent gate.
  2371 | D:4      | Found a runed translucent gate.
  2787 | D:4      | Reached skill level 4 in Maces & Flails
  2787 | D:4      | Reached XP level 6. HP: 33/61 MP: 5/5
  3032 | D:4      | Found a hide-covered altar of Uskayaw.
  3093 | D:4      | Became a worshipper of Uskayaw the Reveller
  3169 | D:5      | Entered Level 5 of the Dungeon
  3169 | D:5      | Found a large runed translucent door.
  3169 | D:5      | Found a large runed translucent door.
  3176 | D:5      | Noticed a wraith
  3225 | D:5      | Noticed Grinder
  3226 | D:5      | Paralysed by Grinder for 7 turns
  3238 | D:5      | Reached * piety under Uskayaw
  3239 | D:5      | Paralysed by Grinder for 3 turns
  3285 | D:5      | Reached ** piety under Uskayaw
  3296 | D:5      | Paralysed by Grinder for 3 turns
  3303 | D:5      | Paralysed by Grinder for 3 turns
  3312 | D:5      | Paralysed by Grinder for 5 turns
  3321 | D:5      | Found a staircase to the Ecumenical Temple.
  3325 | D:5      | HP: 2/61 [Grinder (6)]
  3333 | D:5      | Slain by Grinder

Illustrated notes

Levels and vault maps discovered:
D:1:      erik_arrival_blinker_ship, layout_rooms, serial_shops, shop_statue
D:2:      layout_loops_ring, hellmonk_ecumenical_altar_crossroads,
          minmay_misc_feat_nine_boxes, grunt_decor_cap
D:3:      layout_rooms, grunt_dithmenos_smoke_and_mirrors,
          mainiacjoe_overflow_paths, roderic_roman_lattice
D:4:      layout_rooms, nicolae_uskayaw_suspiria, biasface_ghost_orc_armoury,
          hangedman_decor_push
D:5:      layout_gridville, tgw_trog, minmay_temple_entry_mini_moons,
          supply_closet_lemuel, grunt_ministairs_8,
          minmay_hollow_rounded_squares, uniq_grinder

Skill      XL: |  1  2  3  4  5 |
---------------+----------------+-----
Maces & Flails | 2 3 4 |  4.0
Shields        | 3 |  3.4
Dodging        | 3 |  3.3
Fighting       | 3 |  3.0

Action                   |  1- 3 |  4- 6 || total
-------------------------+-------+-------++-------
Melee: Flail             |   154 |   128 ||   282
Evoke: Wand              |       |     6 ||     6
  Use: Potion            |       |     1 ||     1
Armor: Robe              |    93 |    46 ||   139
Dodge: Dodged            |    92 |    58 ||   150
Block: Kite shield       |    97 |    67 ||   164

Table legend: (Time is in decaauts)
 A = Elapsed time spent in this place.
 B = Non-inter-level travel time spent in this place.
 C = Inter-level travel time spent in this place.
 D = Time resting spent in this place.
 E = Time spent auto-exploring this place.
 F = Levels seen in this place.
 G = Mean time per level.
                   A        B        C        D        E       F      G
               +--------+--------+--------+--------+--------+-----+--------+
         Total |   3446 |   3251 |    195 |    758 |   1457 |   5 |  689.2 |
       Dungeon |   3446 |   3251 |    195 |    758 |   1457 |   5 |  689.2 |
               +--------+--------+--------+--------+--------+-----+--------+

Top non-repeatable levels by time:
     D:4: 1435 daAuts
     D:2: 833 daAuts
     D:3: 566 daAuts
     D:1: 442 daAuts
     D:5: 169 daAuts
